 Dungeon Crawl Stone Soup version 0.29.0-4-gdea44cf6ec (webtiles) character file.

Game seed: 17792395076287826813

93 qw the Chopper (level 4, -3/26 HPs)
             Began as a Tengu Warper on Aug 28, 2022.
             Slain by an iguana (6 damage)
             ... on level 4 of the Dungeon.
             The game lasted 00:00:20 (3440 turns).

qw the Chopper (Tengu Warper)                       Turns: 3440, Time: 00:00:20

Health: -3/26      AC:  9    Str: 12    XL:     4   Next: 62%
Magic:  8/8        EV:  6    Int: 13    God:
Gold:   148        SH:  0    Dex: 17    Spells: 7/7 levels left

rFire   . . .      SeeInvis .   Y - +0 hand axe
rCold   + . .      Faith    .   (no shield)
rNeg    . . .      Spirit   .   d - +0 chain mail
rPois   .          Reflect  .   (helmet restricted)
rElec   .          Harm     .   e - scarf {repulsion}
rCorr   .          Rampage  .   (no gloves)
Will    .....                   (boots unavailable)
Stlth   ..........              (no amulet)
HPRegen 0.08/turn               (no ring)
MPRegen 0.11/turn               (no ring)

@: repel missiles
A: beak, talons 3, agile 1, cold resistance 1, shaggy fur 1
a: no special abilities


You were on level 4 of the Dungeon.
You visited 1 branch of the dungeon, and saw 4 of its levels.

You collected 148 gold pieces.


Innate Abilities, Weirdness & Mutations

You have a beak for a mouth.
You have claws for feet.
You are agile. (Dex +4, Str/Int -1)
Your flesh is cold resistant. (rC+)
You are covered in fur. (AC +1)


   Skills:
 - Level 2.0 Fighting
 + Level 5.2 Axes
 - Level 1.0 Throwing
 - Level 1.1 Armour
 - Level 2.1 Dodging
 - Level 2.0 Spellcasting
 - Level 2.4 Translocations


You had 7 spell levels left.
You didn't know any spells.
Your spell library contained the following spells:

 Spells                   Type           Power      Damage    Failure   Level
 Blink                    Tloc           14%        N/A       100%        2
 Gell's Gravitas          Tloc           7%         N/A       100%        3
 Lesser Beckoning         Tloc           7%         N/A       100%        3
 Teleport Other           Tloc           7%         N/A       100%        3
 Manifold Assault         Tloc           7%         N/A       100%        5

Inventory:

Hand Weapons
 f - a +0 whip
 Y - a +0 hand axe (weapon)
Armour
 d - a +0 chain mail (worn)
 e - a scarf of repulsion (worn)
Scrolls
 h - a scroll of identify
Potions
 a - a potion of mutation
 j - a potion of curing
 k - a potion of might

Dungeon Overview and Level Annotations

Branches:
Dungeon (4/15)
 Temple: D:4-7

Altars:


Message History

You kill the adder!
You see here an adder corpse.
A giant cockroach comes into view.
Found a scroll of poison.
Enter note: You hit the giant cockroach.
You kill the giant cockroach!
You see here a giant cockroach corpse.
An iguana comes into view.
The iguana hisses angrily.
You barely miss the iguana. Your kick misses the iguana. You peck the iguana.
The iguana is moderately wounded.
The iguana bites you but does no damage.
You hit the iguana. You claw the iguana.
The iguana is heavily wounded.
The iguana bites you.
You hit the iguana. You claw the iguana, but do no damage.
The iguana is almost dead.
The iguana bites you!
You hit the iguana. Your kick misses the iguana.
The iguana is almost dead.
The iguana bites you!
3430 ||| READING scroll of teleportation.
As you read the scroll of teleportation, it crumbles to dust.
You feel strangely unstable. The iguana barely misses you.
You hit the iguana but do no damage.
The iguana is almost dead.
The iguana bites you.
You completely miss the iguana.
The iguana is almost dead.
Your surroundings suddenly seem different.
The iguana hisses menacingly.
You barely miss the iguana.
The iguana is almost dead.
The iguana bites you but does no damage.
You hit the iguana but do no damage. Your kick misses the iguana.
The iguana is almost dead.
The iguana bites you.
You die...

#.#.###.##.#
#.#.#......# #.#
##.#.#......####.#
.....%........##.#
######......#. #.#
#......# #.#
#####.....# #.#
#......#### #.#
#.###.## #@# #.#
#.#####..l...# #.#
#............#
###.#
#.####.#.......
#...###.# #
......###
........# ##......
#...###%# #.....##
###.# #.# #..#.##
..# #.#


You could see an iguana.

Vanquished Creatures
  2 adders (D:4)
  2 worms (D:3)
  A dart slug (D:1)
  4 orcs (D:3)
  3 endoplasms (D:1)
  4 giant cockroaches
  4 goblins
  8 hobgoblins
  4 jackals
  2 quokkas
  6 ball pythons
  6 bats
  5 frilled lizards
  5 kobolds
  4 rats
60 creatures vanquished.

Notes
Turn   | Place    | Note
-------+----------+-------------------------------------------
     0 | D:1      | qw the Tengu Warper began the quest for the Orb.
     0 | D:1      | Reached XP level 1. HP: 12/12 MP: 4/4
     0 | D:1      | 0 ||| qw: Version: 0.1-a-89-g26bdef1
     0 | D:1      | 0 ||| qw: Game counter: 2616
     0 | D:1      | 0 ||| qw: Always use a shield: true
     0 | D:1      | 0 ||| qw: God list: Okawaru
     0 | D:1      | 0 ||| qw: Allow faded altars: false
     0 | D:1      | 0 ||| qw: Do Orc after D:15 true
     0 | D:1      | 0 ||| qw: Do second Lair branch before Depths: true
     0 | D:1      | 0 ||| qw: Lair rune preference: random
     0 | D:1      | 0 ||| qw: Plans: Normal
     0 | D:1      | 0 ||| PLANNING D:1-11
    19 | D:1      | 19 ||| Stepping ~*~*~tactically~*~*~ (stealth).
    55 | D:1      | 55 ||| Stepping ~*~*~tactically~*~*~ (stealth).
    60 | D:1      | 60 ||| Stepping ~*~*~tactically~*~*~ (stealth).
    73 | D:1      | Reached XP level 2. HP: 17/17 MP: 6/6
   125 | D:1      | Reached skill level 3 in Axes
   387 | D:1      | Found a faded altar of an unknown god.
   464 | D:1      | 464 ||| Stepping ~*~*~tactically~*~*~ (stealth).
   729 | D:1      | 729 ||| Stepping ~*~*~tactically~*~*~ (hiding).
   740 | D:1      | Reached XP level 3. HP: 20/21 MP: 7/7
  1122 | D:1      | 1122 ||| Stepping ~*~*~tactically~*~*~ (stealth).
  1124 | D:1      | 1124 ||| Stepping ~*~*~tactically~*~*~ (stealth).
  1134 | D:1      | Reached skill level 4 in Axes
  1142 | D:1      | 1142 ||| UPGRADING to +0 ring mail.
  1152 | D:1      | 1152 ||| DROPPING +0 leather armour.
  1153 | D:1      | 1153 ||| DROPPING amulet of magic regeneration.
  1154 | D:1      | 1154 ||| READING scroll labelled DIYZANEONU.
  1155 | D:1      | 1155 ||| READING scroll labelled ROUMOSMALOPP.
  1156 | D:1      | 1156 ||| READING scroll labelled XUNIUCWOAXE.
  1157 | D:1      | 1157 ||| DRINKING 2 glowing clear potions.
  1158 | D:1      | 1158 ||| DROPPING scroll of blinking.
  1159 | D:1      | 1159 ||| DROPPING potion of flight.
  1160 | D:1      | 1160 ||| Stepping randomly (stuck).
  1161 | D:1      | 1161 ||| Stepping ~*~*~tactically~*~*~ (cloud).
  1164 | D:1      | HP: 5/21 [poisoned by you (poison gas)]
  1167 | D:1      | HP: 2/21 [poisoned by you (poison gas)]
  1556 | D:2      | 1556 ||| DROPPING +0 club.
  2167 | D:2      | 2167 ||| READING 2 scrolls labelled ZYFRUE OKAKU.
  2171 | D:2      | 2171 ||| READING scroll labelled QURIUMMENT.
  2172 | D:2      | 2172 ||| READING scroll labelled GUYFOG YTIFF.
  2173 | D:2      | 2173 ||| DRINKING 2 pink potions.
  2173 | D:2      | Gained mutation: You are covered in fur. (AC +1) [potion of
                  | mutation]
  2173 | D:2      | Gained mutation: Your flesh is cold resistant. (rC+)
                  | [potion of mutation]
  2173 | D:2      | Gained mutation: You are agile. (Dex +4, Str/Int -1)
                  | [potion of mutation]
  2174 | D:2      | 2174 ||| DRINKING 2 ruby potions.
  2175 | D:2      | 2175 ||| READING 2 scrolls of identify.
  2175 | D:2      | 2175 ||| IDENTIFYING murky puce potion
  2176 | D:2      | 2176 ||| DROPPING potion of brilliance.
  2189 | D:3      | 2189 ||| STAIRDANCE
  2199 | D:3      | 2199 ||| STAIRDANCE
  2434 | D:3      | 2434 ||| Stepping ~*~*~tactically~*~*~ (stealth).
  2582 | D:3      | Reached XP level 4. HP: 20/26 MP: 8/8
  2804 | D:3      | 2804 ||| Stepping ~*~*~tactically~*~*~ (stealth).
  2836 | D:3      | 2836 ||| FLEEEEING.
  2839 | D:3      | 2839 ||| STAIRDANCE
  2867 | D:2      | 2867 ||| UPGRADING to +0 scale mail.
  2877 | D:2      | 2877 ||| DROPPING +0 ring mail.
  2878 | D:2      | 2878 ||| READING 2 scrolls of identify.
  2878 | D:2      | 2878 ||| IDENTIFYING inky potion
  2879 | D:2      | 2879 ||| DROPPING potion of berserk rage.
  2890 | D:3      | 2890 ||| STAIRDANCE
  2959 | D:3      | 2959 ||| STAIRDANCE
  3291 | D:3      | 3291 ||| UPGRADING to +0 chain mail.
  3301 | D:3      | 3301 ||| DROPPING +0 scale mail.
  3302 | D:3      | 3302 ||| UPGRADING to scarf of repulsion.
  3307 | D:3      | 3307 ||| READING 2 scrolls of identify.
  3307 | D:3      | 3307 ||| IDENTIFYING sedimented silvery potion
  3352 | D:4      | Reached skill level 5 in Axes
  3429 | D:4      | HP: 3/26 [iguana (8)]
  3430 | D:4      | 3430 ||| READING scroll of teleportation.
  3440 | D:4      | Slain by an iguana

Levels and vault maps discovered:
D:1:      minmay_arrival_radiant_lines, layout_basic,
          nicolae_ecumenical_lake_church
D:2:      layout_loops_ring
D:3:      layout_basic
D:4:      layout_loops_ring, okawaru_metal_pillars_3, kennysheep_doodads,
          minmay_quantized

Skill      XL: |  1  2  3  4 |
---------------+-------------+-----
Axes           | 3 4 5 |  5.2
Fighting       | |  2.0
Throwing       | |  1.0
Armour         | |  1.1
Dodging        | |  2.1
Spellcasting   | |  2.0
Translocations | |  2.4

Action                   |  1- 3 |  4- 6 || total
-------------------------+-------+-------++-------
Melee: Hand axe          |   110 |    39 ||   149
       Kick              |    20 |     9 ||    29
       Peck              |    11 |     4 ||    15
       Punch             |     1 |       ||     1
Throw: Boomerang         |     7 |       ||     7
  Use: Scroll            |     7 |     3 ||    10
       Potion            |     3 |       ||     3
Armor: Leather armour    |    11 |       ||    11
       Ring mail         |    24 |       ||    24
       Chain mail        |       |     9 ||     9
       Scale mail        |       |     2 ||     2
Dodge: Dodged            |    56 |    11 ||    67

Table legend:
 A = Non-vault XP
 B = Vault XP
 C = Vault XP percentage of total XP
 D = Non-vault monster count
 E = Vault monster count
 F = Vault count percentage of total count
                 A         B        C        D         E       F
            +---------+---------+-------+---------+---------+-------
      Total |     134 |       0 |   0.0 |      60 |       0 |   0.0
            +---------+---------+-------+---------+---------+-------
        D:1 |      45 |       0 |   0.0 |      28 |       0 |   0.0
        D:2 |      17 |       0 |   0.0 |      10 |       0 |   0.0
        D:3 |      43 |       0 |   0.0 |      19 |       0 |   0.0
        D:4 |      29 |       0 |   0.0 |       3 |       0 |   0.0
            +---------+---------+-------+---------+---------+-------
